 Dungeon Crawl Stone Soup version 0.31-a0-234-gad7ace16ef (webtiles) character file.

Game seed: 9912497933741494923

533 qw the Shooter (level 7, -16/60 HPs)
             Began as a Minotaur Hexslinger on July 9, 2023.
             Demolished by Pikel
             ... wielding a +0 whip of electrocution
              (18 damage)
             ... on level 5 of the Dungeon.
             The game lasted 00:01:22 (3748 turns).

qw the Shooter (Minotaur Hexslinger)                Turns: 3748, Time: 00:01:23

Health: -16/60     AC:  8    Str: 13    XL:     7   Next: 4%
Magic:  7/7        EV: 11    Int: 10    God:
Gold:   130        SH:  0    Dex: 14    Spells: 7/8 levels left

rFire   . . .        Y - +2 orcbow
rCold   . . .        (shield currently unavailable)
rNeg    . . .        e - +0 ring mail
rPois   +            (helmet restricted)
rElec   .            i - +2 cloak
rCorr   +            (no gloves)
SInv    .            (no boots)
Will    .....        (no amulet)
Stlth   +            d - ring of resist corrosion
HPRegen 0.30/turn    j - ring of poison resistance
MPRegen 0.10/turn

%: no passive effects
@: about to teleport
A: horns 2, retaliatory headbutt
a: no special abilities


You were on level 5 of the Dungeon.
You visited 1 branch of the dungeon, and saw 5 of its levels.

You collected 130 gold pieces.


Innate Abilities, Weirdness & Mutations

You have a pair of horns on your head.
You reflexively headbutt those who attack you in melee.


   Skills:
 - Level 4.7 Fighting
 + Level 7.1 Ranged Weapons
 - Level 1.0 Armour
 - Level 2.1 Dodging
 - Level 1.0 Spellcasting
 - Level 2.0 Hexes


You had 7 spell levels left.
You knew the following spells:

 Your Spells              Type           Power      Damage    Failure   Level
a - Slow                  Hex            16%        N/A       32%         1

Your spell library contained the following spells:

 Spells                   Type           Power      Damage    Failure   Level
 Inner Flame              Hex/Fire       2%         N/A       82%         3
 Portal Projectile        Hex/Tloc       4%         N/A       82%         3
 Cause Fear               Hex            2%         N/A       97%         4

Inventory:

Hand Weapons
 Y - a +2 orcbow (weapon)
Armour
 e - a +0 ring mail (worn)
 i - a +2 cloak (worn)
 m - a +1 pair of boots
Jewellery
 d - a ring of resist corrosion (left hand)
 j - a ring of poison resistance (right hand)
 l - an amulet of regeneration
Scrolls
 b - 3 scrolls of vulnerability {unknown}
 g - a scroll of teleportation
 n - a scroll of amnesia {unknown}
 o - a scroll of enchant armour
Potions
 a - a potion of enlightenment {unknown}
 c - 3 potions of curing
 f - a potion of berserk rage {unknown}
 h - a potion of brilliance {unknown}
 k - a potion of might {unknown}

Dungeon Overview and Level Annotations

Branches:
Dungeon (5/15)             Temple (0/1) D:5

Altars:
Cheibriados
Dithmenos
Fedhas
Kikubaaqudgha
Nemelex Xobeh
Vehumet
Zin
The Shining One

Annotations:
D:5 Pikel


Message History

You hear the brisk rusting of a very distant drain.
Pikel, Merchant of Souls comes into view.
He is wielding a +0 whip of electrocution.
You shoot an arrow.
Pikel shouts!
The arrow hits Pikel!
Pikel is moderately wounded.
You hear a shout!
You shoot an arrow. The arrow hits Pikel!
Pikel is heavily wounded.
You shoot an arrow. The arrow hits Pikel!
Pikel is severely wounded.
Pikel hits you but does no damage.
You shoot an arrow. The arrow closely misses Pikel.
Pikel drinks a potion.
Pikel is healed!
Pikel barely misses you. You furiously retaliate!
You headbutt Pikel. You shoot an arrow. The arrow barely misses Pikel.
Pikel hits you but does no damage.
You are electrocuted!
You shoot an arrow. The arrow closely misses Pikel.
Pikel hits you with a +0 whip of electrocution.
You shoot an arrow. The arrow closely misses Pikel.
Pikel hits you with a +0 whip of electrocution.
You shoot an arrow. The arrow closely misses Pikel.
You hear a shout!
Pikel closely misses you.
Pikel hits you with a +0 whip of electrocution.
A lemure comes into view.
You hear a shout!
You shoot an arrow. The arrow hits Pikel.
Pikel is heavily wounded.
Pikel misses you.
You shoot an arrow. The arrow hits Pikel!
Pikel is severely wounded.
Pikel hits you with a +0 whip of electrocution.
You are electrocuted!
3748 ||| READING 2 scrolls of teleportation.
As you read the scroll of teleportation, it crumbles to dust.
You feel strangely unstable.
Pikel hits you with a +0 whip of electrocution.
You are electrocuted!!
You die...

..#####......###... ##
#....#.# ##.. ##.# .#
##.#.#.# ##. ...# .#
#.#.#.# ##
_..##..##.#.#.# #
...##........######
.^.##.............
###.^^#..##.###.###.
#.#@.##..##.###.###. #
#.K###...##.......#.
....###.....#.######.....
#.....#####.######..#..
####### #............
#############


You could see Pikel.

Vanquished Creatures
  Eustachio (D:4)
  A black bear (D:4)
  A phantom (D:4)
  A lemure (D:5)
  A jelly (D:5)
  A hound (D:4)
  An iguana (D:4)
  A statue (D:4)
  4 adders
  A worm (D:2)
  3 dart slugs
  6 orcs
  7 ball pythons
  9 endoplasms
  3 giant cockroaches
  5 hobgoblins
  10 jackals
  9 kobolds
  2 quokkas
  4 bats (D:2)
  4 frilled lizards
  4 goblins
  3 rats
82 creatures vanquished.

Notes
Turn   | Place    | Note
-------+----------+-------------------------------------------
     0 | D:1      | qw the Minotaur Hexslinger began the quest for the Orb.
     0 | D:1      | Reached XP level 1. HP: 16/16 MP: 1/1
     0 | D:1      | 0 ||| qw: Version: 0.3-a-51-g015441d
     0 | D:1      | 0 ||| qw: Game counter: 4245
     0 | D:1      | 0 ||| qw: Melee chars always use a shield: true
     0 | D:1      | 0 ||| qw: God list: Okawaru
     0 | D:1      | 0 ||| qw: Allow faded altars: false
     0 | D:1      | 0 ||| qw: Do Orc after clearing Dungeon:15 true
     0 | D:1      | 0 ||| qw: Do second Lair branch before Depths: true
     0 | D:1      | 0 ||| qw: Lair rune preference: random
     0 | D:1      | 0 ||| qw: Goals: Normal
     0 | D:1      | 0 ||| PLANNING D:1-11
   299 | D:1      | Reached skill level 3 in Ranged Weapons
   299 | D:1      | Reached XP level 2. HP: 23/23 MP: 2/2
   953 | D:1      | 953 ||| UPGRADING to +0 ring mail.
   963 | D:1      | 963 ||| DROPPING +0 robe.
   964 | D:1      | 964 ||| UPGRADING to ring of resist corrosion.
   965 | D:1      | 965 ||| DROPPING ring of flight.
   966 | D:1      | 966 ||| READING scroll labelled RAOL LYUPTU.
   967 | D:1      | 967 ||| READING scroll labelled JUKHEW TOBOP.
   970 | D:1      | 970 ||| DROPPING scroll of poison.
  1102 | D:2      | Reached XP level 3. HP: 29/29 MP: 3/3
  1140 | D:2      | Reached skill level 4 in Ranged Weapons
  1142 | D:2      | HP: 7/29 [poisoned by an adder]
  1436 | D:2      | Found a glowing silver altar of Zin.
  1449 | D:2      | Reached skill level 1 in Armour
  1674 | D:2      | 1674 ||| READING scroll labelled HISUF ZOMAPT.
  1675 | D:2      | 1675 ||| READING scroll labelled MUCLISMAPA.
  1676 | D:2      | 1676 ||| READING scroll labelled KAELIE QUSY.
  1845 | D:3      | Reached XP level 4. HP: 36/36 MP: 4/4
  1934 | D:3      | Identified the +8 whip of Wu Jian {freeze, Int+2}
  2217 | D:3      | Found a shadowy altar of Dithmenos.
  2272 | D:3      | 2272 ||| SWAPPING to +0 orcbow.
  2273 | D:3      | 2273 ||| DROPPING +1 heavy sling.
  2341 | D:3      | 2341 ||| UPGRADING to +0 cloak.
  2346 | D:3      | 2346 ||| READING 2 scrolls labelled PEZELU YGEGH.
  2347 | D:3      | 2347 ||| READING scroll of enchant weapon.
  2347 | D:3      | 2347 ||| ENCHANTING +1 orcbow.
  2348 | D:3      | 2348 ||| READING scroll labelled CAEQIU HUTO.
  2349 | D:3      | 2349 ||| DRINKING 2 coppery potions.
  2404 | D:4      | 2404 ||| READING scroll of enchant armour.
  2404 | D:4      | 2404 ||| ENCHANTING +0 cloak.
  2498 | D:4      | Reached skill level 5 in Ranged Weapons
  2589 | D:4      | 2589 ||| READING scroll of enchant armour.
  2589 | D:4      | 2589 ||| ENCHANTING +1 cloak.
  2607 | D:4      | Reached skill level 3 in Fighting
  2607 | D:4      | Reached XP level 5. HP: 37/45 MP: 5/5
  2654 | D:4      | Noticed a black bear
  2661 | D:4      | Killed a black bear
  2662 | D:4      | Reached skill level 6 in Ranged Weapons
  2712 | D:4      | Noticed Eustachio
  2733 | D:4      | 2733 ||| FLEEEEING.
  2734 | D:4      | 2734 ||| FLEEEEING.
  2735 | D:4      | 2735 ||| FLEEEEING.
  2736 | D:4      | 2736 ||| FLEEEEING.
  2737 | D:4      | 2737 ||| FLEEEEING.
  2738 | D:4      | 2738 ||| FLEEEEING.
  2739 | D:4      | 2739 ||| FLEEEEING.
  2740 | D:4      | 2740 ||| FLEEEEING.
  2741 | D:4      | 2741 ||| FLEEEEING.
  2742 | D:4      | 2742 ||| FLEEEEING.
  2743 | D:4      | 2743 ||| FLEEEEING.
  2745 | D:4      | 2745 ||| FLEEEEING.
  2746 | D:4      | 2746 ||| FLEEEEING.
  2747 | D:4      | 2747 ||| FLEEEEING.
  2748 | D:4      | 2748 ||| FLEEEEING.
  2751 | D:4      | Killed Eustachio
  2752 | D:4      | Reached XP level 6. HP: 25/53 MP: 6/6
  3184 | D:4      | Found a radiant altar of Vehumet.
  3187 | D:4      | 3187 ||| FLEEEEING.
  3349 | D:4      | 3349 ||| DROPPING +2 cloak.
  3350 | D:4      | 3350 ||| UPGRADING to ring of poison resistance.
  3351 | D:4      | 3351 ||| READING scroll labelled NIEJ ATAMIMAHA.
  3352 | D:4      | 3352 ||| READING scroll labelled EDDIRITOLI.
  3387 | D:5      | Entered Level 5 of the Dungeon
  3388 | D:5      | 3388 ||| PLANNING SEWER
  3402 | D:5      | Found an ancient bone altar of Kikubaaqudgha.
  3424 | D:5      | Found a staircase to the Ecumenical Temple.
  3461 | D:5      | Reached skill level 7 in Ranged Weapons
  3461 | D:5      | Reached XP level 7. HP: 60/60 MP: 7/7
  3466 | D:5      | Found a blossoming altar of Fedhas.
  3466 | D:5      | Found a snail-covered altar of Cheibriados.
  3474 | D:5      | Found a glowing golden altar of the Shining One.
  3498 | D:5      | Found a faded altar of an unknown god.
  3500 | D:5      | Found a faded altar of an unknown god.
  3646 | D:5      | Found a sparkling altar of Nemelex Xobeh.
  3737 | D:5      | Noticed Pikel
  3747 | D:5      | HP: 7/60 [Pikel/+0 whip of electrocution (16)]
  3748 | D:5      | 3748 ||| READING 2 scrolls of teleportation.
  3748 | D:5      | HP: 2/60 [Pikel/+0 whip of electrocution (6)]
  3748 | D:5      | Demolished by Pikel

Levels and vault maps discovered:
D:1:      dpeg_arrival_lava_temple_mockup, layout_loops_corners, serial_forest,
          infiniplex_forest_straight_3, infiniplex_forest_clump_small,
          infiniplex_forest_corner_1, infiniplex_forest_straight_5,
          infiniplex_forest_clump_curved, infiniplex_forest_lined_room_3,
          infiniplex_forest_fountain
D:2:      layout_loops_ring, basic_altar, minmay_circled_x
D:3:      layout_loops_ring, grunt_dithmenos_smoke, kennysheep_crisscross
D:4:      kennysheep_six_static_rooms, layout_basic, vehumet_statue,
          mrwooster_statue_mirror, uniq_eustachio
D:5:      cheibrodos_quashed, layout_loops_corners,
          chequers_temple_overflow_minitemple, nemelex_spade_bored_becter,
          mainiacjoe_overflow_concentric_impassable,
          minmay_temple_entry_junction, cheibrodos_sewer_entry_sluice,
          uniq_pikel

Skill      XL: |  1  2  3  4  5  6 |
---------------+-------------------+-----
Ranged Weapons | 3 4 5 6 7 |  7.1
Fighting       | 2 3 4 |  4.7
Armour         | 1 |  1.0
Dodging        | |  2.1
Spellcasting   | |  1.0
Hexes          | |  2.0

Action                     |  1- 3 |  4- 6 |  7- 9 || total
---------------------------+-------+-------+-------++-------
   Fire: Sling             |   138 |    16 |       ||   154
         Orcbow            |       |   105 |    26 ||   131
    Use: Scroll            |     5 |     7 |     1 ||    13
         Potion            |       |     1 |       ||     1
 Armour: Robe              |     2 |       |       ||     2
         Ring mail         |    28 |    36 |     5 ||    69
  Dodge: Dodged            |    59 |    58 |     7 ||   124

Table legend:
 A = Non-vault XP
 B = Vault XP
 C = Vault XP percentage of total XP
 D = Non-vault monster count
 E = Vault monster count
 F = Vault count percentage of total count
                 A         B        C        D         E       F
            +---------+---------+-------+---------+---------+-------
      Total |     485 |     277 |  36.4 |      69 |      12 |  14.8
            +---------+---------+-------+---------+---------+-------
        D:1 |      33 |       0 |   0.0 |      19 |       0 |   0.0
        D:2 |      42 |       5 |  10.6 |      17 |       4 |  19.0
        D:3 |      54 |       0 |   0.0 |      16 |       0 |   0.0
        D:4 |     298 |     272 |  47.7 |      13 |       8 |  38.1
        D:5 |      58 |       0 |   0.0 |       4 |       0 |   0.0
            +---------+---------+-------+---------+---------+-------
